TOP OF THE 1ST |
Connetquot Chiefs batting - Pitching for York Revolution : LHP Rodney Spurr
|
Pitching: LHP Rodney Spurr
|
|
Batting: RHB Cristián Ramírez
|
0-0: Ball 1-0: Called Strike 1-1: Ball 2-1: Reached via error on a dropped throw, E3
|
Batting: RHB Enrique García
|
0-0: Foul Ball, location: 2F 0-1: Ball 1-1: Foul Ball, location: 2F 1-2: Foul Ball, location: 2F 1-2: Foul Ball, location: 2F 1-2: Ball 2-2: Foul Ball, location: 2F 2-2: Foul Ball, location: 2F 2-2: Foul Ball, location: 2F 2-2: Foul Ball, location: 2F 2-2: Strikes out swinging
|
Batting: RHB José Orihvela
|
0-0: Called Strike Cristián Ramírez is caught stealing 2nd base 0-1: Ground out 4-3 (Groundball, 4)
|
Top of the 1st over - 0 run(s), 0 hit(s), 1 error(s), 0 left on base; Connetquot 0 - York 0 |
BOTTOM OF THE 1ST |
York Revolution batting - Pitching for Connetquot Chiefs : RHP Vinny Mariani
|
Pitching: RHP Vinny Mariani
|
|
Batting: RHB Ernesto Deleón
|
0-0: Called Strike 0-1: Foul Ball, location: 2F 0-2: Strikes out swinging
|
Batting: LHB Gong Mao
|
0-0: SINGLE (Groundball, 6MD)
|
Batting: RHB Ángelo Díaz
|
0-0: Called Strike 0-1: Swinging Strike 0-2: Foul Ball, location: 2F 0-2: Ball 1-2: Ball 2-2: Grounds into double play, 1-6-3 (Groundball, 13)
|
Bottom of the 1st over - 0 run(s), 1 hit(s), 0 error(s), 0 left on base; Connetquot 0 - York 0 |
TOP OF THE 2ND |
Connetquot Chiefs batting - Pitching for York Revolution : LHP Rodney Spurr
|
Batting: RHB Peter Geib
|
0-0: Ball 1-0: Swinging Strike 1-1: Swinging Strike 1-2: Ball 2-2: Foul Ball, location: 2F 2-2: Foul Ball, location: 2F 2-2: Foul Ball, location: 2F 2-2: Ground out 5-3 (Groundball, 5S)
|
Batting: RHB Jeff MacCamie
|
0-0: Ball 1-0: Ball 2-0: Ground out 6-3 (Groundball, 6)
|
Batting: RHB Dan Chrzan
|
0-0: Ball 1-0: Ball 2-0: Foul Ball, location: 2F 2-1: Ball 3-1: Ground out 6-3 (Groundball, 6)
|
Top of the 2nd over - 0 run(s), 0 hit(s), 0 error(s), 0 left on base; Connetquot 0 - York 0 |
BOTTOM OF THE 2ND |
York Revolution batting - Pitching for Connetquot Chiefs : RHP Vinny Mariani
|
Batting: RHB Ronald Comejo
|
0-0: Ball 1-0: Ground out 6-3 (Groundball, 56)
|
Batting: RHB Gilberto Clemente
|
0-0: Fly out, F8 (Line Drive, 8LS)
|
Batting: RHB Kasper Schuilenberg
|
0-0: Foul Ball, location: 2F 0-1: Ball 1-1: Called Strike 1-2: Ball 2-2: Foul Ball, location: 2F 2-2: Ball 3-2: Strikes out swinging
|
Bottom of the 2nd over - 0 run(s), 0 hit(s), 0 error(s), 0 left on base; Connetquot 0 - York 0 |
TOP OF THE 3RD |
Connetquot Chiefs batting - Pitching for York Revolution : LHP Rodney Spurr
|
Batting: RHB Jesús Jaramillo
|
0-0: Ball 1-0: Foul Ball, location: 2F 1-1: Called Strike 1-2: Ball 2-2: Ball 3-2: Base on Balls
|
Batting: LHB Travis Grigor
|
0-0: Ball 1-0: Called Strike Jesús Jaramillo is caught stealing 2nd base 1-1: Fly out, F9 (Line Drive, 89S)
|
Batting: RHB Louie Trimboli
|
0-0: Foul Ball, location: 2F 0-1: Swinging Strike 0-2: Foul Ball, location: 2F 0-2: Strikes out swinging
|
Top of the 3rd over - 0 run(s), 0 hit(s), 0 error(s), 0 left on base; Connetquot 0 - York 0 |
BOTTOM OF THE 3RD |
York Revolution batting - Pitching for Connetquot Chiefs : RHP Vinny Mariani
|
Batting: LHB Joe Ellison
|
0-0: Ball 1-0: Ball 2-0: SINGLE (Groundball, 6D)
|
Batting: SHB Jeff Lowe
|
0-0: Ball 1-0: Ball 2-0: Ball 3-0: Base on Balls Joe Ellison to second
|
Batting: RHB Louis Teague
|
0-0: Called Strike 0-1: Fly out, F7 (Flyball, 78S)
|
Batting: RHB Ernesto Deleón
|
0-0: Ball 1-0: Ball 2-0: Called Strike 2-1: Fly out, F8 (Flyball, 8RM)
|
Batting: LHB Gong Mao
|
0-0: Ball 1-0: Ground out 5-3 (Groundball, 25)
|
Bottom of the 3rd over - 0 run(s), 1 hit(s), 0 error(s), 2 left on base; Connetquot 0 - York 0 |
TOP OF THE 4TH |
Connetquot Chiefs batting - Pitching for York Revolution : LHP Rodney Spurr
|
Batting: RHB Cristián Ramírez
|
0-0: Fly out, F9 (Flyball, 9LS)
|
Batting: RHB Enrique García
|
0-0: Ground out 6-3 (Groundball, 6)
|
Batting: RHB José Orihvela
|
0-0: Called Strike 0-1: DOUBLE (Groundball, 5L)
|
Batting: RHB Peter Geib
|
0-0: Ball 1-0: Swinging Strike 1-1: Foul Ball, location: 2F 1-2: Ball Passed Ball! José Orihvela to third 2-2: Foul Ball, location: 2F 2-2: Ball 3-2: SINGLE (Groundball, 56) (infield hit) José Orihvela scores
|
Batting: RHB Jeff MacCamie
|
0-0: Swinging Strike 0-1: Ball 1-1: Foul Ball, location: 2F 1-2: Ball 2-2: Ball 3-2: Foul Ball, location: 2F 3-2: Strikes out looking
|
Top of the 4th over - 1 run(s), 2 hit(s), 0 error(s), 1 left on base; Connetquot 1 - York 0 |
BOTTOM OF THE 4TH |
York Revolution batting - Pitching for Connetquot Chiefs : RHP Vinny Mariani
|
Batting: RHB Ángelo Díaz
|
0-0: Called Strike 0-1: Foul Ball, location: 2F 0-2: Ball 1-2: Ball 2-2: Strikes out swinging
|
Batting: RHB Ronald Comejo
|
0-0: Ball 1-0: Ball 2-0: Called Strike 2-1: Ball 3-1: Base on Balls
|
Batting: RHB Gilberto Clemente
|
0-0: Ball 1-0: Ground out 5-3 (Groundball, 25) Ronald Comejo to second
|
Batting: RHB Kasper Schuilenberg
|
0-0: Ball 1-0: Ground out 6-3 (Groundball, 6D)
|
Bottom of the 4th over - 0 run(s), 0 hit(s), 0 error(s), 1 left on base; Connetquot 1 - York 0 |
TOP OF THE 5TH |
Connetquot Chiefs batting - Pitching for York Revolution : LHP Rodney Spurr
|
Batting: RHB Dan Chrzan
|
0-0: Ball 1-0: Reached on error, E6 (Groundball, 6)
|
Batting: RHB Jesús Jaramillo
|
0-0: Bunted foul 0-1: Ball 1-1: Sac Bunt - play at first, batter OUT! U3 Dan Chrzan to second
|
Batting: LHB Travis Grigor
|
0-0: Ball 1-0: Swinging Strike 1-1: Foul Ball, location: 2F 1-2: Strikes out swinging
|
Batting: RHB Louie Trimboli
|
0-0: Swinging Strike 0-1: Ball 1-1: Ball 2-1: Called Strike 2-2: Strikes out swinging
|
Top of the 5th over - 0 run(s), 0 hit(s), 1 error(s), 1 left on base; Connetquot 1 - York 0 |
BOTTOM OF THE 5TH |
York Revolution batting - Pitching for Connetquot Chiefs : RHP Vinny Mariani
|
Batting: LHB Joe Ellison
|
0-0: Ball 1-0: Swinging Strike 1-1: Foul Ball, location: 2F 1-2: Foul Ball, location: 2F 1-2: Ball 2-2: Ground out 5-3 (Groundball, 56)
|
Batting: SHB Jeff Lowe
|
0-0: Ground out U3 (Groundball, 3)
|
Batting: RHB Louis Teague
|
0-0: Called Strike 0-1: Ball 1-1: Ball 2-1: SINGLE (Groundball, 5D)
|
Batting: RHB Ernesto Deleón
|
0-0: Ball 1-0: Foul Ball, location: 2F 1-1: Foul Ball, location: 2F 1-2: Fly out, F9 (Flyball, 9S)
|
Bottom of the 5th over - 0 run(s), 1 hit(s), 0 error(s), 1 left on base; Connetquot 1 - York 0 |
TOP OF THE 6TH |
Connetquot Chiefs batting - Pitching for York Revolution : LHP Rodney Spurr
|
Batting: RHB Cristián Ramírez
|
0-0: Ball 1-0: Foul Ball, location: 2F 1-1: Swinging Strike 1-2: Strikes out looking
|
Batting: RHB Enrique García
|
0-0: SINGLE (Flyball, 8RS)
|
Batting: RHB José Orihvela
|
0-0: Ball 1-0: Called Strike 1-1: Fly out, F8 (Flyball, 8LD)
|
Batting: RHB Peter Geib
|
0-0: Ball 1-0: Ball 2-0: Swinging Strike 2-1: Ball 3-1: SINGLE (Line Drive, 4MD) Enrique García to second
|
Batting: RHB Jeff MacCamie
|
0-0: Ball 1-0: Called Strike 1-1: Foul Ball, location: 2F 1-2: Fly out, F4 (Popup, 4M)
|
Top of the 6th over - 0 run(s), 2 hit(s), 0 error(s), 2 left on base; Connetquot 1 - York 0 |
BOTTOM OF THE 6TH |
York Revolution batting - Pitching for Connetquot Chiefs : RHP Vinny Mariani
|
Batting: LHB Gong Mao
|
0-0: Ball 1-0: Called Strike 1-1: Ball 2-1: SINGLE (Groundball, 6MS) (infield hit)
|
Batting: RHB Ángelo Díaz
|
0-0: Ball 1-0: Ball 2-0: Ball 3-0: Swinging Strike 3-1: Foul Ball, location: 2F 3-2: Foul Ball, location: 2F 3-2: SINGLE (Groundball, 34D) Gong Mao to second Runner from 2nd tries for 3rd, SAFE, throw made to third
|
Batting: RHB Ronald Comejo
|
0-0: Called Strike 0-1: Ball 1-1: Swinging Strike 1-2: Ball 2-2: Foul Ball, location: 2F 2-2: Fielders Choice at 2nd, 1-6 (Groundball, P)
|
Batting: RHB Gilberto Clemente
|
0-0: Ball 1-0: Called Strike 1-1: Swinging Strike 1-2: Strikes out swinging
|
Batting: RHB Kasper Schuilenberg
|
0-0: Ball 1-0: Swinging Strike 1-1: Called Strike 1-2: Fly out, F9 (Flyball, 9LSF)
|
Bottom of the 6th over - 0 run(s), 2 hit(s), 0 error(s), 2 left on base; Connetquot 1 - York 0 |
TOP OF THE 7TH |
Connetquot Chiefs batting - Pitching for York Revolution : LHP Rodney Spurr
|
Batting: RHB Dan Chrzan
|
0-0: Called Strike 0-1: Ball 1-1: Ball 2-1: Foul Ball, location: 2F 2-2: Foul Ball, location: 2F 2-2: Ball 3-2: Strikes out swinging
|
Batting: RHB Jesús Jaramillo
|
0-0: Called Strike 0-1: Ball 1-1: Called Strike 1-2: Ball 2-2: Strikes out swinging
|
Batting: LHB Travis Grigor
|
0-0: Called Strike 0-1: Ball 1-1: Ball 2-1: Called Strike 2-2: Foul Ball, location: 2F 2-2: Strikes out swinging
|
Top of the 7th over - 0 run(s), 0 hit(s), 0 error(s), 0 left on base; Connetquot 1 - York 0 |
BOTTOM OF THE 7TH |
York Revolution batting - Pitching for Connetquot Chiefs : RHP Vinny Mariani
|
Batting: LHB Joe Ellison
|
0-0: Ball 1-0: Swinging Strike 1-1: Swinging Strike 1-2: Ball 2-2: Foul Ball, location: 2F 2-2: Foul Ball, location: 2F 2-2: SINGLE (Line Drive, 7LS)
|
Batting: SHB Jeff Lowe
|
0-0: Bunted foul 0-1: Bunt missed! 0-2: Fly out, F7 (Flyball, 78M)
|
Batting: RHB Louis Teague
|
0-0: Called Strike 0-1: Ball Joe Ellison steals 2nd base 1-1: Fly out, F8 (Flyball, 8LM)
|
Batting: RHB Ernesto Deleón
|
0-0: SINGLE (Flyball, 8LS) Joe Ellison to third Runner from 3rd tries for Home, SAFE, no throw
|
Batting: LHB Gong Mao
|
0-0: Called Strike Ernesto Deleón steals 2nd base 0-1: Swinging Strike 0-2: Ball 1-2: Ball 2-2: Strikes out swinging
|
Bottom of the 7th over - 1 run(s), 2 hit(s), 0 error(s), 1 left on base; Connetquot 1 - York 1 |
TOP OF THE 8TH |
Connetquot Chiefs batting - Pitching for York Revolution : LHP Rodney Spurr
|
Batting: RHB Louie Trimboli
|
0-0: Fly out, F9 (Flyball, 9LS)
|
Batting: RHB Cristián Ramírez
|
0-0: Called Strike 0-1: Foul Ball, location: 2F 0-2: Ball 1-2: Ball 2-2: Ball 3-2: Reached on error, E5 (Groundball, 5S)
|
Pitching: LHP Júlio Romero
|
|
Pinch Hitting: RHB Júlio Flores
|
0-0: SINGLE (Flyball, 8LS) Cristián Ramírez to second
|
Batting: RHB José Orihvela
|
0-0: Ball 1-0: Ball 2-0: Called Strike 2-1: Ball 3-1: Foul Ball, location: 2F 3-2: Foul Ball, location: 2F 3-2: Foul Ball, location: 2F 3-2: Grounds into double play, 5-4-3 (Groundball, 56)
|
Top of the 8th over - 0 run(s), 1 hit(s), 1 error(s), 1 left on base; Connetquot 1 - York 1 |
BOTTOM OF THE 8TH |
York Revolution batting - Pitching for Connetquot Chiefs : RHP Vinny Mariani
|
Now at 3B: Júlio Flores
|
|
Batting: RHB Ángelo Díaz
|
0-0: Ball 1-0: Ball 2-0: Fly out, F9 (Flyball, 89M)
|
Batting: RHB Ronald Comejo
|
0-0: Ball 1-0: Ball 2-0: Called Strike 2-1: Ball 3-1: Base on Balls
|
Batting: RHB Gilberto Clemente
|
0-0: Ball 1-0: Ball 2-0: Swinging Strike 2-1: Fly out, F3 (Flyball, 3D)
|
Pitching: RHP Júlio González
|
|
Batting: RHB Kasper Schuilenberg
|
0-0: Fielders Choice at 2nd, 6-4 (Groundball, 6)
|
Bottom of the 8th over - 0 run(s), 0 hit(s), 0 error(s), 0 left on base; Connetquot 1 - York 1 |
TOP OF THE 9TH |
Connetquot Chiefs batting - Pitching for York Revolution : LHP Júlio Romero
|
Pitching: RHP Edward Ayers
|
|
Batting: RHB Peter Geib
|
0-0: Ball 1-0: Ball 2-0: Called Strike 2-1: Swinging Strike 2-2: Foul Ball, location: 2F 2-2: Foul Ball, location: 2F 2-2: Strikes out swinging
|
Batting: RHB Jeff MacCamie
|
0-0: Called Strike 0-1: Called Strike 0-2: Ball 1-2: Ball 2-2: Ball 3-2: Ground out 6-3 (Groundball, 6)
|
Batting: RHB Dan Chrzan
|
0-0: Ball 1-0: Swinging Strike 1-1: Swinging Strike 1-2: Ball 2-2: Foul Ball, location: 2F 2-2: Strikes out swinging
|
Top of the 9th over - 0 run(s), 0 hit(s), 0 error(s), 0 left on base; Connetquot 1 - York 1 |
BOTTOM OF THE 9TH |
York Revolution batting - Pitching for Connetquot Chiefs : RHP Júlio González
|
Pitching: RHP Alan McKinney
|
|
Pinch Hitting: RHB Cristóbal Covarrubiois
|
0-0: Called Strike 0-1: Ball 1-1: Fly out, F9 (Flyball, 89S)
|
Pinch Hitting: RHB Obi Jones
|
0-0: Ball 1-0: Ball 2-0: Fly out, F8 (Flyball, 8RM)
|
Pinch Hitting: RHB Luis Menéndez
|
0-0: Ground out 5-3 (Groundball, 56)
|
Bottom of the 9th over - 0 run(s), 0 hit(s), 0 error(s), 0 left on base; Connetquot 1 - York 1 |
TOP OF THE 10TH |
Connetquot Chiefs batting - Pitching for York Revolution : RHP Edward Ayers
|
Now at C: Luis Menéndez
|
|
Now at SS: Shane Seim
|
|
Now in LF: Pete Pritchard
|
|
Pinch Hitting: RHB Carlos Flores
|
0-0: Foul Ball, location: 2F 0-1: Foul Ball, location: 2F 0-2: Foul Ball, location: 2F 0-2: Ball 1-2: Strikes out swinging
|
Batting: LHB Travis Grigor
|
0-0: Foul Ball, location: 2F 0-1: Swinging Strike 0-2: Strikes out swinging
|
Batting: RHB Louie Trimboli
|
0-0: Ball 1-0: Fly out, F5 (Flyball, 5D)
|
Top of the 10th over - 0 run(s), 0 hit(s), 0 error(s), 0 left on base; Connetquot 1 - York 1 |
BOTTOM OF THE 10TH |
York Revolution batting - Pitching for Connetquot Chiefs : RHP Alan McKinney
|
Now at SS: Carlos Flores
|
|
Batting: RHB Ernesto Deleón
|
0-0: Foul Ball, location: 2F 0-1: Called Strike 0-2: Foul Ball, location: 2F 0-2: Ball 1-2: Ground out 6-3 (Groundball, 6)
|
Batting: LHB Gong Mao
|
0-0: Foul Ball, location: 2F 0-1: Foul Ball, location: 2F 0-2: Strikes out looking
|
Batting: RHB Ángelo Díaz
|
0-0: Ball 1-0: Ball 2-0: Ball 3-0: Base on Balls
|
Batting: RHB Ronald Comejo
|
0-0: Called Strike 0-1: Foul Ball, location: 2F 0-2: Strikes out swinging
|
Bottom of the 10th over - 0 run(s), 0 hit(s), 0 error(s), 1 left on base; Connetquot 1 - York 1 |
TOP OF THE 11TH |
Connetquot Chiefs batting - Pitching for York Revolution : RHP Edward Ayers
|
Pitching: RHP Jack Mason
|
|
Batting: RHB Cristián Ramírez
|
0-0: Ball 1-0: Ball 2-0: Ground out 6-3 (Groundball, 6)
|
Batting: RHB Júlio Flores
|
0-0: Swinging Strike 0-1: Fly out, F8 (Flyball, 8RD)
|
Batting: RHB José Orihvela
|
0-0: Ball 1-0: SINGLE (Groundball, 6D)
|
Batting: RHB Peter Geib
|
0-0: 2-RUN HOME RUN (Flyball, 78XD), Distance : 436 ft
|
Batting: RHB Jeff MacCamie
|
0-0: Called Strike 0-1: Ball 1-1: Foul Ball, location: 2F 1-2: Strikes out swinging, 2-3 out at first.
|
Top of the 11th over - 2 run(s), 2 hit(s), 0 error(s), 0 left on base; Connetquot 3 - York 1 |
BOTTOM OF THE 11TH |
York Revolution batting - Pitching for Connetquot Chiefs : RHP Alan McKinney
|
Pitching: RHP Pedro Leyva
|
|
Batting: RHB Gilberto Clemente
|
0-0: Ground out 4-3 (Groundball, 4M)
|
Batting: RHB Kasper Schuilenberg
|
0-0: Swinging Strike 0-1: Called Strike 0-2: Ball 1-2: Ball 2-2: Ball 3-2: Strikes out swinging
|
Batting: RHB Pete Pritchard
|
0-0: Called Strike 0-1: Ball 1-1: Ball 2-1: Called Strike 2-2: Strikes out looking
|
Bottom of the 11th over - 0 run(s), 0 hit(s), 0 error(s), 0 left on base; Connetquot 3 - York 1 |
|